 Seeded DCSS version 0.30.1-11-g7821555f0a (webtiles) character file.

Game seed: 20231120 (custom seed)

4565 stormannnn the Summoner (level 10, -1/60 HPs)
             Began as a Tengu Summoner on Nov 20, 2023.
             Was an Initiate of Yredelemnul.
             Killed by an exploding themself (34 damage)
             ... ignited by their inner flame
             ... on level 9 of the Dungeon on Nov 22, 2023.
             The game lasted 00:56:58 (8054 turns).

stormannnn the Summoner (Tengu Summoner)            Turns: 8054, Time: 00:56:59

Health: -1/60      AC: 12    Str: 12    XL:     10   Next: 40%
Magic:  6/19       EV: 23    Int: 15    God:    Yredelemnul [......]
Gold:   469        SH:  0    Dex: 22    Spells: 9/20 levels left

rFire   . . .        s - +6 whip "Nidav" {protect, Dex+4 Stlth+}
rCold   . . .        (no shield)
rNeg    + . .        L - +2 robe {Will+}
rPois   .            i - +0 hat
rElec   .            n - +0 cloak
rCorr   .            (no gloves)
SInv    .            (boots unavailable)
Will    ++...        p - amulet of regeneration
Stlth   ++++         B - ring of Buelas {rN+ Will+ Dex+2 Stlth+}
HPRegen 1.10/turn    K - ring of wizardry
MPRegen 0.16/turn

%: wizardry (x1)
@: under a protective aura, flying quickly and evasively, quick
A: beak, talons 3, nimble flight
a: Renounce Religion, Recall Undead Harvest


You were on level 9 of the Dungeon.
You worshipped Yredelemnul.
Yredelemnul was noncommittal.
You visited 2 branches of the dungeon, and saw 10 of its levels.

You collected 532 gold pieces.
You spent 63 gold pieces at shops.

Inventory:

Hand Weapons
 s - the +6 whip "Nidav" (weapon) {protect, Dex+4 Stlth+}
   (You found it on level 3 of the Dungeon)

   Dex:       It affects your dexterity (+4).
   Stlth:     It makes you more stealthy.
Missiles
 e - 17 poisoned darts (quivered)
 g - 140 stones
 t - 2 silver javelins
Armour
 i - a +0 hat (worn)
 n - a +0 cloak (worn)
 L - a +2 robe of willpower (worn)
Magical Staves
 u - a staff of air
Jewellery
 a - a ring of positive energy
 c - a ring of protection from cold
 p - an amulet of regeneration (around neck)
 r - a +5 ring of evasion
 B - the ring of Buelas (left hand) {rN+ Will+ Dex+2 Stlth+}
   (You found it on level 6 of the Dungeon)

   [ring of willpower]

   Dex:       It affects your dexterity (+2).
   rN:        It protects you from negative energy.
   Will:      It increases your willpower.
   Stlth:     It makes you more stealthy.
 C - an amulet of reflection
 J - a ring of protection from fire
 K - a ring of wizardry (right hand)
Wands
 q - a wand of digging (9)
 x - a wand of polymorph (7)
 y - a wand of mindburst (12)
 G - a wand of quicksilver (8)
Scrolls
 k - 3 scrolls of amnesia
 v - 2 scrolls of teleportation
 w - a scroll of silence
 D - 5 scrolls of identify
 E - 3 scrolls of fog
 I - a scroll of magic mapping
Potions
 b - a potion of magic
 d - 3 potions of attraction
 f - 2 potions of cancellation
 h - 4 potions of curing
 j - a potion of haste
 l - 3 potions of lignification
 m - a potion of might
 o - 2 potions of flight
 z - a potion of mutation
 A - a potion of invisibility
 F - a potion of ambrosia {unknown}


   Skills:
 + Level 5.9 Fighting
 + Level 9.3 Dodging
 - Level 2.2 Stealth
 + Level 5.6 Spellcasting
 - Level 10.0 Summonings
 - Level 4.0 Air Magic
 + Level 3.7 Invocations


You had 9 spell levels left.
You knew the following spells:

 Your Spells              Type           Power      Damage    Failure   Level
a - Summon Small Mammal   Summ           100%       N/A       1%          1
b - Call Canine Familiar  Summ           34%        N/A       1%          3
c - Summon Guardian Gole  Hex/Summ       19%        N/A       2%          3
d - Summon Lightning Spi  Summ/Air       25%        N/A       3%          4

Your spell library contained the following spells:

 Spells                   Type           Power      Damage    Failure   Level
 Call Imp                 Summ           68%        N/A       1%          2
 Shock                    Conj/Air       40%        1d5       2%          1
 Swiftness                Air            16%        N/A       3%          3
 Foxfire                  Conj/Fire      16%        2x1d4     6%          1
 Airstrike                Air            8%         2d(2-18)  12%         4
 Ozocubu's Armour         Ice            4%         N/A       19%         3
 Volatile Blastmotes      Fire/Tloc      8%         2d10      19%         3
 Fulminant Prism          Conj/Hex       2%         3d5       50%         4
 Iskenderun's Mystic Bla  Conj/Tloc      4%         2d3       50%         4
 Fireball                 Conj/Fire      2%         3d4       83%         5
 Lee's Rapid Deconstruct  Erth           2%         3d4*      83%         5
 Metabolic Englaciation   Hex/Ice        2%         N/A       83%         5
 Plasma Beam              Fire/Air       5%         2x1d17    98%         6
 Starburst                Conj/Fire      2%         6d3       100%        6
 Simulacrum               Ice/Necr       Unusable   N/A       N/A         6

Dungeon Overview and Level Annotations

Branches:
Dungeon (9/15)             Temple (1/1) D:6
   Lair: D:8-11         Orc: D:9-12

Altars:
Ashenzari
Cheibriados
Dithmenos
Elyvilon
Fedhas
Gozag
Hepliaklqana
Kikubaaqudgha
Makhleb
Nemelex Xobeh
Okawaru
Qazlal
Ru
Sif Muna
Trog
Uskayaw
Vehumet
Wu Jian
Xom
Yredelemnul
Zin
The Shining One

Shops:
D:2 [   D:5 :

Annotations:
D:3 exclusion: centaur


Innate Abilities, Weirdness & Mutations

You have a beak for a mouth.
You have claws for feet.
Your magical nature lets you fly swiftly and evasively.


Message History

Your hound dies!
Your hound's corpse disappears in a puff of smoke!
The orc warrior hits you with a +0 broad axe!
The orc warrior hits your bat with a +0 broad axe!
Your bat dies!
Your bat's corpse disappears in a puff of smoke!
The orc warrior hits your quokka with a +0 broad axe.
The orc priest hits you with a +0 flail.
The orc priest shouts!
You whack the orc priest!
Your weapon exudes an aura of protection.
You kill the orc priest!
Your quokka misses the orc warrior.
Your guardian golem overheats!
The orc priest completely misses you. The orc warrior completely misses you.
The orc warrior hits your guardian golem with a +0 broad axe.
Flame seeps out of your guardian golem.
The orc warrior hits your quokka with a +0 broad axe!
Your quokka dies!
Your quokka's corpse disappears in a puff of smoke!
Flame seeps out of your guardian golem.
Your life force feels restored.
You hit the orc warrior. Your kick misses the orc warrior.
You peck the orc warrior, but do no damage.
The orc warrior is lightly wounded.
The orc priest calls upon Beogh to heal the orc warrior.
The orc warrior's wounds heal themselves!
The orc warrior hits you with a +0 broad axe.
The orc warrior hits your guardian golem with a +0 broad axe.
Flame seeps out of your guardian golem.
You closely miss the orc priest.
The orc priest is lightly wounded.
The orc priest completely misses you. The orc warrior barely misses you.
The orc warrior hits your guardian golem with a +0 broad axe.
Your guardian golem disappears in a puff of smoke!
Your guardian golem explodes!
The fiery explosion engulfs you!!
Ouch! That really hurt!
You die...
Your body rises from the dead as a mindless zombie.

..........###......
####.?................
...........))...##..[ #
........<........# .#.
#........)......##
....##................#
...............?....§..
...##..........§.§..§..
. ##.<[......@§§..§..
..............o)o§.>...
.#..##..>.........§....
#. #.................
.. ...................
. ..##................
#.. ##.............).
.. ###.###.......#.


You could see an orc warrior and an orc priest.

Vanquished Creatures
  4 yaks (D:8)
  An acid dragon (D:9)
  A water moccasin (D:7)
  A sky beast (D:7)
  2 black bears
  3 centaurs (D:7)
  3 scorpions
  2 bullfrogs (D:7)
  5 wights
  2 hounds
  Crazy Yiuf (D:2)
  2 orc priests
  A gnoll bouda (D:7)
  Terence (D:2)
  3 orc wizards (D:7)
  15 gnolls
  4 adders
  2 ufetubi
  A worm (D:3)
  A dart slug (D:4)
  16 orcs
  3 endoplasms
  3 giant cockroaches
  7 goblins
  2 hobgoblins
  6 kobolds
  A quokka (D:4)
  8 ball pythons
  6 bats
  3 frilled lizards
  A rat (D:2)
111 creatures vanquished.

Vanquished Creatures (collateral kills)
  5 yaks (D:8)
  A wyvern (D:8)
  A sky beast (D:7)
  3 ogres
  A kobold brigand (D:7)
  A wight (D:8)
  3 killer bees (D:8)
  A yak zombie (D:8)
  A howler monkey (D:5)
  A jelly (D:5)
  A gnoll bouda (D:6)
  A hound (D:7)
  A sleepcap (D:5)
  7 orc wizards
  4 gnolls
  3 adders
  A shadow imp (D:8)
  A white imp (D:4)
  A worm (D:4)
  A dart slug (D:3)
  15 orcs
  2 endoplasms (D:1)
  A giant cockroach (D:2)
  2 goblins (D:2)
  A hobgoblin (D:2)
  A kobold (D:7)
  A ball python (D:1)
  A bat (D:2)
  2 frilled lizards
  A rat (D:1)
66 creatures vanquished.

Vanquished Creatures (others)
  An ice beast (D:7)
  2 wights (D:8)
  A bullfrog zombie (D:7)
  2 centaur zombies (D:7)
  2 orc zombies (D:7)
  4 gnoll zombies (D:7)
  3 kobolds (D:7)
  5 kobold zombies (D:7)
20 creatures vanquished.

Grand Total: 197 creatures vanquished

Notes
Turn   | Place    | Note
-------+----------+-------------------------------------------
     0 | D:1      | stormannnn the Tengu Summoner began the quest for the Orb.
     0 | D:1      | Reached XP level 1. HP: 10/10 MP: 4/4
   260 | D:1      | Reached XP level 2. HP: 15/15 MP: 3/6
   270 | D:1      | Reached skill level 5 in Summonings
   942 | D:2      | Noticed Terence
   957 | D:2      | Killed Terence
   958 | D:2      | Reached XP level 3. HP: 17/20 MP: 6/8
   962 | D:2      | Found Kitiraapt's Armour Shop.
   977 | D:2      | Bought a +0 pair of boots for 63 gold pieces
   990 | D:2      | Learned a level 3 spell: Call Canine Familiar
  1215 | D:2      | Found a runed translucent door.
  1216 | D:2      | Noticed Crazy Yiuf
  1344 | D:2      | Reached skill level 1 in Fighting
  1344 | D:2      | Reached XP level 4. HP: 11/25 MP: 6/9
  1859 | D:2      | Killed Crazy Yiuf
  2025 | D:2      | Gained mutation: Your magical nature lets you fly swiftly
                  | and evasively. [Tengu growth]
  2025 | D:2      | Reached XP level 5. HP: 20/30 MP: 5/10
  2212 | D:3      | Identified the +6 whip "Nidav" {protect, Dex+4 Stlth+}
  2249 | D:3      | Noticed a centaur
  2815 | D:3      | Reached skill level 6 in Summonings
  3343 | D:4      | Found an iron altar of Okawaru.
  3353 | D:4      | Found a broken altar of Ashenzari.
  3374 | D:4      | Reached XP level 6. HP: 32/35 MP: 8/12
  4115 | D:5      | Entered Level 5 of the Dungeon
  4135 | D:5      | Reached skill level 7 in Summonings
  4175 | D:5      | Reached XP level 7. HP: 30/40 MP: 11/14
  4200 | D:5      | Reached skill level 8 in Summonings
  4574 | D:5      | Found a blossoming altar of Fedhas.
  4597 | D:5      | Found Vepeug's Vocational Training.
  5107 | D:6      | Reached XP level 8. HP: 38/48 MP: 8/15
  5111 | D:6      | Reached skill level 5 in Dodging
  5393 | D:6      | Identified the ring of Buelas {rN+ Will+ Dex+2 Stlth+}
  5505 | D:5      | Learned a level 3 spell: Summon Guardian Golem
  5669 | D:6      | Found a staircase to the Ecumenical Temple.
  5717 | Temple   | Entered the Ecumenical Temple
  5794 | Temple   | Became a worshipper of Yredelemnul the Dark
  6045 | D:7      | Reached * piety under Yredelemnul
  6142 | D:7      | Reached ** piety under Yredelemnul
  6161 | D:7      | Reached skill level 9 in Summonings
  6161 | D:7      | Reached XP level 9. HP: 39/52 MP: 14/16
  6261 | D:7      | Reached skill level 10 in Summonings
  6551 | D:7      | Reached skill level 1 in Invocations
  6983 | D:8      | Reached skill level 5 in Fighting
  6992 | D:8      | Reached skill level 5 in Spellcasting
  7281 | D:8      | Reached XP level 10. HP: 59/59 MP: 18/18
  7806 | D:8      | Identified a scroll of acquirement
  7806 | D:8      | Acquired a ring of wizardry
  7815 | D:8      | Learned a level 4 spell: Summon Lightning Spire
  7841 | D:8      | Reached skill level 1 in Air Magic
  8054 | D:9      | Killed by an exploding themself... ignited by their inner
                  | flame

Illustrated notes

Levels and vault maps discovered:
D:1:      minmay_arrival_three_doors, layout_rooms, kennysheep_another_room,
          minmay_stone_trees_small, kennysheep_pointless_box, minivault_19,
          minmay_circled_x
D:2:      layout_basic, serial_shops, nicolae_shop_pleasant_corner_grove,
          uniq_crazy_yiuf_cottage, uniq_terence
D:3:      layout_basic
D:4:      layout_cave_pods, mainiacjoe_overflow_large_starburst, serial_demonic,
          serial_demonic_e, serial_demonic_f, serial_demonic_b, serial_demonic_d
D:5:      layout_gridville, mainiacjoe_overflow_boulevard,
          hangedman_decor_points, nrook_mini_backslash, nicolae_shop_vocational
D:6:      layout_cave_pools, minmay_temple_entry_hall
D:7:      layout_basic, minmay_crystal_water, kb_lookout_dungeons_type
D:8:      layout_basic
D:9:      layout_rooms, lair_entry_dummy, gammafunk_ghost_abyssal_escape,
          enter_bailey_5
Temple:   hellmonk_temple_of_storms

Skill      XL: |  1  2  3  4  5  6  7  8  9 10 |
---------------+-------------------------------+-----
Summonings     | 5 6 7 8 9 10 | 10.0
Spellcasting   | 3 4 5 |  5.6
Fighting       | 1 2 4 5 |  5.9
Dodging        | 3 4 8 9 |  9.3
Invocations    | 3 |  3.7
Air Magic      | 4 |  4.0
Stealth        | |  2.2

Action                     |  1- 3 |  4- 6 |  7- 9 | 10-12 || total
---------------------------+-------+-------+-------+-------++-------
  Melee: Dagger            |    45 |     3 |       |       ||    48
         Kick              |     9 |    19 |    49 |    23 ||   100
         Club              |     1 |       |       |       ||     1
         Peck              |     4 |    10 |    23 |    17 ||    54
         Punch             |     1 |     1 |     2 |     1 ||     5
         Quarterstaff      |       |    11 |       |       ||    11
         Whip              |       |    62 |   148 |    54 ||   264
   Cast: Summon Small Mamm |    24 |    33 |    28 |     9 ||    94
         Call Canine Famil |       |     7 |    32 |    10 ||    49
         Summon Guardian G |       |       |     6 |     1 ||     7
 Invoke: Dark Bargain      |       |       |     1 |       ||     1
    Use: Scroll            |     4 |     9 |    11 |     1 ||    25
         Potion            |     2 |     1 |     2 |     2 ||     7
   Stab: Distracted        |     1 |     3 |     2 |     2 ||     8
         Sleeping          |     1 |     4 |     2 |       ||     7
 Armour: Robe              |    11 |    13 |    32 |    10 ||    66
  Dodge: Dodged            |    34 |    43 |   204 |   106 ||   387
